 Dungeon Crawl Stone Soup version 0.32-a0-876-gcfddb08e57 (webtiles) character file.

Game seed: 4342210219344583648

112 porpoise the Shooter (level 4, -2/35 HPs)
             Began as a Human Hunter on Apr 2, 2024.
             Slain by a goblin
             ... wielding a +0 club
             ... led by Robin
              (6 damage)
             ... on level 3 of the Dungeon.
             The game lasted 00:03:26 (1855 turns).

porpoise the Shooter (Human Hunter)                 Turns: 1855, Time: 00:03:27

Health: -2/35      AC:  3    Str: 11    XL:     4   Next: 93%
Magic:  4/4        EV: 11    Int:  9    God:
Gold:   229        SH:  0    Dex: 19    Spells: 3/3 levels left

rFire   . . .        a - +0 shortbow
rCold   . . .        (shield currently unavailable)
rNeg    . . .        c - +0 leather armour
rPois   .            (no helmet)
rElec   .            (no cloak)
rCorr   .            (no gloves)
SInv    .            (no boots)
Will    .....        h - amulet of the acrobat
Stlth   ++           (no ring)
HPRegen 0.25/turn    (no ring)
MPRegen 0.09/turn

%: acrobat
@: no status effects
A: explore regen
a: no special abilities


You were on level 3 of the Dungeon.
You visited 1 branch of the dungeon, and saw 3 of its levels.

You collected 229 gold pieces.

Inventory:

Hand Weapons
 a - a +0 shortbow (weapon)
Armour
 c - a +0 leather armour (worn)
 f - a +0 chain mail of poison resistance
 j - a scarf of shadows
Jewellery
 g - a +6 ring of strength
 h - an amulet of the acrobat (around neck)
Scrolls
 b - a scroll of butterflies
 d - a scroll of silence {unknown}
 e - a scroll of immolation
 l - a scroll of teleportation {unknown}
 n - a scroll of enchant weapon {unknown}
Potions
 i - 2 potions of cancellation
 k - a potion of heal wounds
 m - 2 potions of haste {unknown}


   Skills:
 + Level 3.2 Fighting
 * Level 5.5 Ranged Weapons
 - Level 2.0 Dodging
 - Level 1.0 Stealth


You had 3 spell levels left.
You didn't know any spells.
Your spell library was empty.

Dungeon Overview and Level Annotations

Branches:
Dungeon (3/15)

Altars:


Innate Abilities, Weirdness & Mutations

You regain HP and MP as you explore.


Message History

The goblin shouts!
The arrow hits the goblin!
You kill the goblin!
The goblin hits you with a +0 club.
You shoot an arrow. The arrow hits Robin.
Robin is severely wounded.
The goblin hits you but does no damage.
You shoot an arrow.
The arrow hits Robin but does no damage.
Robin is severely wounded.
The goblin barely misses you.
Robin hits you with a +2 dagger of freezing.
* * * LOW HITPOINT WARNING * * *
Robin freezes you.
* * * LOW HITPOINT WARNING * * *
The goblin barely misses you.
You shoot an arrow. The arrow barely misses Robin.
The arrow hits the goblin.
The goblin is heavily wounded.
Robin roars a battlecry!
The goblins go into a battle-frenzy!
The goblin hits you but does no damage.
You shoot an arrow. The arrow barely misses Robin.
The arrow closely misses the goblin. x2
The goblin no longer looks unusually strong.
The goblin barely misses you.
You shoot an arrow. The arrow hits Robin.
Robin is severely wounded.
The goblin hits you with a +0 club.
* * * LOW HITPOINT WARNING * * *
You shoot an arrow. The arrow closely misses Robin.
The arrow hits the goblin.
You kill the goblin!
The goblin hits you but does no damage.
Robin roars a battlecry!
The goblin goes into a battle-frenzy!
You shoot an arrow. The arrow hits Robin.
You kill Robin!
The goblin misses you.
You shoot an arrow. The arrow barely misses the goblin.
The goblin closely misses you. The goblin hits you with a +0 club.
You die...

. . .## #.. ### # #.# ... ..
#.###.##.# #)#..... #...#
#g#.#.##### #...# #@g........
#...# ###.####### #...# ##.#
######...########..#### ..
.................#.##.###....
................#.#..........
.............<........###....
######...######.###.### ..
#...# #..# #..#


You could see 2 goblins.

Vanquished Creatures
  Natasha (D:2)
  Robin (D:3)
  An adder (D:3)
  2 dart slugs
  An orc (D:3)
  3 ball pythons
  3 bats
  4 endoplasms
  A giant cockroach (D:2)
  10 goblins
  9 hobgoblins
  3 jackals (D:2)
  2 kobolds
  2 quokkas (D:1)
  8 frilled lizards
  8 rats
59 creatures vanquished.

Notes
Turn   | Place    | Note
-------+----------+-------------------------------------------
     0 | D:1      | porpoise the Human Hunter began the quest for the Orb.
     0 | D:1      | Reached XP level 1. HP: 16/16 MP: 1/1
    94 | D:1      | Reached XP level 2. HP: 22/22 MP: 2/2
   176 | D:1      | Noticed a shining eye
   182 | D:1      | Noticed an eye of devastation
   185 | D:1      | Found a faded altar of an unknown god.
   188 | D:1      | Noticed a glass eye
   188 | D:1      | Noticed a golden eye
   308 | D:1      | Reached XP level 3. HP: 28/28 MP: 3/3
  1158 | D:2      | Noticed Natasha
  1162 | D:2      | Killed Natasha
  1163 | D:2      | Reached skill level 5 in Ranged Weapons
  1163 | D:2      | Reached XP level 4. HP: 27/34 MP: 4/4
  1833 | D:3      | Noticed Robin
  1854 | D:3      | Killed Robin
  1855 | D:3      | Slain by a goblin

Illustrated notes

Levels and vault maps discovered:
D:1:      dpeg_arrival_boxorama, layout_rooms,
          hellmonk_ecumenical_altar_watching_god
D:2:      layout_loops_ring, chequers_serial_rivers_small_b, uniq_natasha
D:3:      layout_loops_cross, uniq_terence, uniq_robin

Skill      XL: |  1  2  3  4 |
---------------+-------------+-----
Ranged Weapons | 5 |  5.5
Fighting       | 3 |  3.2
Dodging        | |  2.0
Stealth        | |  1.0

Action                     |  1- 3 |  4- 6 || total
---------------------------+-------+-------++-------
   Fire: Shortbow          |   102 |    65 ||   167
    Use: Scroll            |       |     4 ||     4
 Armour: Leather armour    |    19 |    34 ||    53
  Dodge: Dodged            |    18 |    30 ||    48

Table legend: (Time is in decaauts)
 A = Elapsed time spent in this place.
 B = Non-inter-level travel time spent in this place.
 C = Inter-level travel time spent in this place.
 D = Time resting spent in this place.
 E = Time spent auto-exploring this place.
 F = Levels seen in this place.
 G = Mean time per level.
                   A        B        C        D        E       F      G
               +--------+--------+--------+--------+--------+-----+--------+
         Total |   1889 |   1823 |     66 |    234 |   1276 |   3 |  629.7 |
       Dungeon |   1889 |   1823 |     66 |    234 |   1276 |   3 |  629.7 |
               +--------+--------+--------+--------+--------+-----+--------+

Top non-repeatable levels by time:
     D:2: 783 daAuts
     D:1: 641 daAuts
     D:3: 464 daAuts
